 Seeded DCSS version 0.31-a0-771-g505c3d19dc (webtiles) character file.

Game seed: 1 (custom seed)

23 Psyclone the Chiller (level 2, 0/15 HPs)
             Began as a Deep Elf Ice Elementalist on Sept 16, 2023.
             Shot with an arrow by a hobgoblin (6 damage)
             ... on level 1 of the Dungeon.
             The game lasted 00:01:38 (429 turns).

Psyclone the Chiller (Deep Elf Ice Elementalist)     Turns: 429, Time: 00:01:39

Health: 0/15       AC:  3    Str:  5    XL:     2   Next: 75%
Magic:  9/9        EV: 12    Int: 19    God:
Gold:   22         SH:  0    Dex: 15    Spells: 8/9 levels left

rFire   . . .        a - +3 dagger (speed)
rCold   . . .        (no shield)
rNeg    . . .        d - +0 robe
rPois   .            c - +1 hat
rElec   .            (no cloak)
rCorr   .            (no gloves)
SInv    .            (no boots)
Will    .....        (no amulet)
Stlth   ++           (no ring)
HPRegen 0.22/turn    (no ring)
MPRegen 0.11/turn

%: no passive effects
@: no status effects
A: no striking features
a: no special abilities


You were on level 1 of the Dungeon.
You visited 1 branch of the dungeon, and saw 1 of its levels.

You collected 22 gold pieces.

Inventory:

Hand Weapons
 a - a +3 dagger of speed (weapon)
Armour
 c - a +1 hat (worn)
 d - a +0 robe (worn)
Scrolls
 e - a scroll of immolation {unknown}
Potions
 b - a potion of magic


   Skills:
 - Level 2.4 Dodging
 - Level 2.4 Stealth
 * Level 4.2 Spellcasting
 + Level 4.7 Ice Magic


You had 8 spell levels left.
You knew the following spells:

 Your Spells              Type           Power      Damage    Failure   Level
a - Freeze                Ice            84%        1d9       1%          1

Your spell library contained the following spells:

 Spells                   Type           Power      Damage    Failure   Level
 Frozen Ramparts          Ice            42%        1d7       6%          3
 Ozocubu's Armour         Ice            21%        N/A       6%          3
 Summon Ice Beast         Ice/Summ       13%        N/A       45%         4


Dungeon Overview and Level Annotations

Branches:
Dungeon (1/15) Zot: 5574

Altars:


Message History

Okay, then.
Things that are here:
a +0 dagger; a kobold corpse
Found a stone staircase leading down.
Health restored: 15; MP restored: 9
e - a scroll labelled ZARRYHUSHRE
There is a stone staircase leading down here.
Found 2 stones.
A rat comes into view.
A dart slug comes into view.
Found 6 stones.
Found 7 gold pieces.
You hit the rat.
You kill the rat!
You see here a rat corpse.
The dart slug misses you.
You hit the dart slug but do no damage. You hit the dart slug.
The dart slug is severely wounded.
The dart slug barely misses you.
You hit the dart slug.
The dart slug is severely wounded.
You hit the dart slug.
The dart slug is almost dead.
The dart slug bites you but does no damage.
You hit the dart slug but do no damage.
The dart slug is almost dead.
You hit the dart slug.
You kill the dart slug!
A hobgoblin comes into view. It is wielding a +0 longbow.
The hobgoblin moves out of view.
The hobgoblin shouts!
The hobgoblin shoots an arrow.
The arrow hits you.
You see here 7 gold pieces.
You take 5 damage, and have 10/15 hp.
MASSIVE DAMAGE!!
The hobgoblin shoots an arrow.
The arrow closely misses you.
The hobgoblin shoots an arrow.
The arrow hits you.
You take 5 damage, and have 5/15 hp.
MASSIVE DAMAGE!!
You open the door.
The hobgoblin shoots an arrow.
The arrow hits you.
You die...

..........++ ##
............ ###≈
............
##~.≈#################..
#.~.≈.............# #..
.g.~≈....(.....(..# #..
....≈.............# #..
#..≈...$....†....# #..
##.≈..@..........# #..
#####'#.........# #..
#.#.........# #..
#.#.........# ###
..#.........##
###..........###
...########...# # ##.
###.### #..##


You could see a hobgoblin.

Vanquished Creatures
  A dart slug (D:1)
  3 ball pythons (D:1)
  3 bats (D:1)
  A giant cockroach (D:1)
  2 goblins (D:1)
  A hobgoblin (D:1)
  3 jackals (D:1)
  A frilled lizard (D:1)
  2 kobolds (D:1)
  2 rats (D:1)
19 creatures vanquished.

Notes
Turn   | Place    | Note
-------+----------+-------------------------------------------
     0 | D:1      | Psyclone the Deep Elf Ice Elementalist began the quest for
                  | the Orb.
     0 | D:1      | Reached XP level 1. HP: 10/10 MP: 6/6
   148 | D:1      | Reached XP level 2. HP: 15/15 MP: 6/8
   267 | D:1      | Found a faded altar of an unknown god.
   429 | D:1      | Shot with an arrow by a hobgoblin

Illustrated notes

Levels and vault maps discovered:
D:1:      zelgadis_glass_arrival_small, layout_basic,
          hellmonk_ecumenical_altar_prayer_group,
          chequers_serial_rivers_micro_e, minmay_3d_cube

Skill      XL: |  1  2 |
---------------+-------+-----
Spellcasting   | 4 |  4.2
Dodging        | |  2.4
Stealth        | |  2.4
Ice Magic      | |  4.7

Action                     || total
---------------------------++-------
  Melee: Unarmed           ||    20
         Dagger            ||    12
   Cast: Freeze            ||    19
 Armour: Robe              ||    31
  Dodge: Dodged            ||    24

Table legend: (Time is in decaauts)
 A = Elapsed time spent in this place.
 B = Non-inter-level travel time spent in this place.
 C = Inter-level travel time spent in this place.
 D = Time resting spent in this place.
 E = Time spent auto-exploring this place.
 F = Levels seen in this place.
 G = Mean time per level.
                   A        B        C        D        E       F      G
               +--------+--------+--------+--------+--------+-----+--------+
         Total |    424 |    424 |      0 |      0 |    291 |   1 |  424.0 |
       Dungeon |    424 |    424 |      0 |      0 |    291 |   1 |  424.0 |
               +--------+--------+--------+--------+--------+-----+--------+

Top non-repeatable levels by time:
     D:1: 424 daAuts
